Map: 2000 Atmospheres LE

Players

Maru - Winner!

  • Race: Terran Terran
  • League: Master

INnoVation

  • Race: Terran Terran
  • League: Master

Event: DreamHack SC2 Masters 2021 Summer

VOD

Have the link to the VOD?

Description

Time

  • Played on: July 4, 2021, 9:16 a.m.
  • Length: 13:51

All games in this series

Show
View Real Time Build Order
Export as new Build Order

Maru Terran - Winner!

Build Orders:  

Get SALT Encoding   

  12  0:00  SCV  
  13  0:15  Supply Depot  
  13  0:17  SCV  
  14  0:38  Barracks  
  14  0:42  Refinery  
  14  0:54  Barracks  
  14  0:59  SCV  
  15  1:11  SCV  
  16  1:25  Orbital Command  
  16  1:26  Reaper  
  16  1:29  Refinery  
  17  1:43  Reaper  
  18  1:50  SCV  
  19  1:58  Reaper, Supply Depot  
  20  2:02  SCV  
  21  2:14  SCV  
  22  2:16  Reaper  
  23  2:26  SCV  
  23  2:27  Bunker  
  24  2:31  Reaper  
  24  2:38  SCV  
  24  2:39  Factory  
  25  2:50  SCV  
  26  2:54  Supply Depot  
  26  3:03  SCV  
  27  3:10  Command Center  
  27  3:15  SCV  
  27  3:24  Factory Tech Lab  
  27  3:27  Starport, SCV  
  28  3:39  SCV  
  29  3:46  Cyclone  
  32  3:51  SCV  
  33  4:03  SCV  
  33  4:05  Starport Tech Lab  
  33  4:09  Command Center  
  34  4:15  SCV  
  35  4:18  Siege Tank  
  38  4:24  Orbital Command  
  38  4:30  SCV  
  39  4:34  Raven  
  41  4:39  Refinery  
  41  4:42  SCV  
  41  4:43  Barracks Reactor  
  42  4:50  SCV  
  43  4:54  SCV  
  43  4:55  Refinery  
  44  5:02  SCV  
  44  5:05  Siege Tank  
  44  5:06  SCV  
  48  5:14  SCV  
  48  5:18  SCV  
  48  5:19  Supply Depot  
  50  5:22  Orbital Command, Marine x2  
  50  5:26  SCV  
  53  5:29  Raven  
  53  5:30  SCV  
  55  5:38  SCV  
  55  5:40  Marine x2, Siege Tank  
  60  5:43  SCV  
  60  5:49  SCV  
  62  5:50  SCV  
  62  5:55  SCV  
  64  5:57  Marine  
  64  5:58  Marine  
  64  6:01  SCV  
  64  6:02  SCV  
  68  6:06  Barracks  
  68  6:07  SCV  
  68  6:09  Barracks  
  69  6:13  SCV  
  69  6:14  SCV, Raven  
  72  6:18  Siege Tank  
  72  6:21  Barracks Tech Lab  
  72  6:24  Supply Depot  
  75  6:28  SCV x2, Engineering Bay  
  75  6:30  Engineering Bay  
  77  6:33  Supply Depot  
  77  6:43  Marine, Stimpack  
  77  6:46  SCV x2  
  79  6:48  Supply Depot  
  79  6:52  Siege Tank  
  79  6:54  Barracks Reactor  
  82  6:56  Terran Infantry Armor Level 1, Terran Infantry Weapons Level 1  
  82  7:01  Missile Turret  
  82  7:04  Marine x2  
  82  7:06  Missile Turret  
  84  7:10  Viking x2  
  84  7:14  SCV  
  89  7:16  SCV, Supply Depot  
  90  7:23  Marine  
  90  7:24  Combat Shield  
  90  7:25  Marine, Supply Depot  
  92  7:33  Siege Tank  
  92  7:36  Marine x2  
  97  7:41  Marine  
  97  7:42  Marine  
  99  7:44  SCV  
  99  7:45  Barracks  
  99  7:46  Supply Depot  
  99  7:47  Barracks  
  99  7:50  Medivac x2  
  104  7:56  Marine x2  
  106  7:59  Marine  
  106  8:00  Marine  
  106  8:05  Siege Tank  
  111  8:06  Supply Depot  
  111  8:14  Marine x2  
  111  8:15  SCV x2, Armory  
  111  8:17  Marine  
  111  8:18  Marine  
  117  8:24  Medivac  
  118  8:32  Marine x2  
  120  8:35  Marine  
  120  8:36  Marine  
  120  8:38  Barracks Reactor x2  
  120  8:39  SCV x2  
  124  8:41  Supply Depot  
  124  8:44  Siege Tank  
  124  8:48  Medivac  
  129  8:50  Marine x2  
  129  8:52  Marine  
  129  8:54  Marine  
  133  9:04  Supply Depot x2  
  133  9:06  Medivac, Supply Depot  
  133  9:07  Marine  
  133  9:08  Marine  
  137  9:10  Marine  
  137  9:12  Marine  
  137  9:15  Marine x2  
  141  9:17  Terran Infantry Weapons Level 2  
  141  9:23  Marine x2  
  138  9:25  Marine x2  
  138  9:28  Marine  
  138  9:29  Marine  
  130  9:33  Marine x2, Siege Tank  
  130  9:41  SCV, Marine x2  
  130  9:43  Marine x2  
  130  9:46  Marine  
  130  9:47  Marine  
  130  9:51  Liberator, Marine x2  
  133  9:59  Marine x2  
  116  10:01  Marine x2  
  116  10:04  Marine  
  116  10:05  Marine, Siege Tank  
  106  10:09  Marine x2  
  106  10:12  SCV  
  109  10:17  Marine x2  
  109  10:19  Marine x2  
  113  10:21  Marine  
  113  10:23  Marine  
  113  10:27  SCV, Marine x2  
  105  10:30  Orbital Command  
  105  10:34  Marine  
  105  10:35  Marine  
  107  10:37  Marine x2  
  107  10:39  Marine  
  107  10:40  SCV  
  107  10:41  Marine  
  107  10:42  Terran Infantry Armor Level 2  
  112  10:44  Marine  
  112  10:46  SCV  
  114  10:52  SCV  
  93  10:57  Marine x2  
  93  10:58  SCV, Marine x2  
  93  11:02  Marine x2  
  91  11:04  Marine  
  91  11:09  Marine  
  87  11:15  Marine x2, Siege Tank  
  87  11:16  Marine  
  93  11:22  Liberator  
  93  11:24  Marine  
  96  11:32  Marine  
  94  11:34  Marine x3  
  94  11:35  Marine  
  99  11:41  Marine x2  
  99  11:46  Marine  
  102  11:47  Siege Tank  
  102  11:50  Marine  
  102  11:51  Marine  
  102  11:52  Marine  
  103  12:07  Marine  
  104  12:15  Marine x2  
  101  12:17  SCV  
  101  12:19  Siege Tank  
  101  12:20  Marine  
  106  12:24  Medivac  
  106  12:25  Marine x4  
  106  12:26  Marine  
  106  12:28  SCV  
  106  12:29  Refinery  
  114  12:32  Refinery, Marine  
  114  12:35  Marine, Supply Depot  
  116  12:37  Marine  
  116  12:42  Marine x2  
  114  12:44  Marine  
  114  12:46  Marine  
  114  12:50  Marine x2  
  98  12:53  Marine  
  98  12:55  Marine  
  98  12:58  Siege Tank  
  103  12:59  Liberator  
  103  13:00  Marine x2  
  103  13:02  Marine  
  103  13:03  Marine  
  110  13:07  Marine  
  110  13:11  Marine x2  
  113  13:13  Marine  
  113  13:18  Marine x2  
  119  13:25  Marine  
  119  13:26  Marine x2  
  122  13:29  Marine x2  
  122  13:30  Supply Depot  
  122  13:31  Marine  
Show
View Real Time Build Order
Export as new Build Order

INnoVation Terran 

Build Orders:  

Get SALT Encoding   

  12  0:00  SCV  
  13  0:12  SCV  
  14  0:16  Supply Depot  
  14  0:24  SCV  
  15  0:38  SCV  
  15  0:40  Barracks  
  16  0:43  Refinery  
  16  0:50  SCV  
  16  0:52  Refinery  
  17  1:02  SCV  
  18  1:14  SCV  
  19  1:26  Reaper  
  19  1:27  Orbital Command  
  19  1:31  Supply Depot  
  20  1:40  Factory  
  20  1:52  SCV  
  21  1:58  Reaper  
  22  2:04  SCV  
  23  2:16  SCV  
  24  2:24  Hellion  
  24  2:26  Supply Depot  
  24  2:28  SCV  
  26  2:30  Marine  
  26  2:40  SCV  
  26  2:47  Hellion  
  26  2:48  Marine, Command Center  
  29  2:53  SCV  
  30  3:05  SCV  
  31  3:07  Marine  
  31  3:08  Factory Tech Lab  
  32  3:13  Starport  
  32  3:17  SCV  
  33  3:22  Supply Depot  
  33  3:27  Cyclone  
  33  3:30  Barracks Reactor  
  33  3:33  SCV  
  37  3:45  SCV  
  38  3:51  Starport Tech Lab  
  38  3:58  SCV  
  38  4:01  Orbital Command  
  39  4:05  Cyclone  
  39  4:09  Banshee  
  42  4:10  SCV  
  46  4:17  Marine x2  
  46  4:22  SCV  
  49  4:25  Orbital Command  
  49  4:34  SCV  
  49  4:35  Marine x2  
  49  4:37  Siege Tank  
  55  4:41  Supply Depot  
  55  4:46  SCV  
  55  4:51  SCV  
  57  4:58  SCV  
  58  5:00  Barracks  
  58  5:02  Starport Reactor  
  58  5:04  Engineering Bay  
  58  5:05  Barracks  
  56  5:07  SCV  
  56  5:10  SCV  
  56  5:12  Marine, Stimpack  
  59  5:19  Supply Depot  
  59  5:20  SCV  
  60  5:22  SCV  
  60  5:28  Refinery  
  61  5:30  Terran Infantry Weapons Level 1  
  61  5:32  SCV, Marine  
  61  5:34  SCV  
  64  5:44  SCV  
  64  5:46  SCV  
  64  5:47  Marine  
  64  5:48  Starport Reactor, Marine  
  71  5:53  Supply Depot  
  71  5:56  SCV, Siege Tank  
  72  5:57  Marine  
  72  5:59  SCV, Marine x2  
  72  6:03  Supply Depot  
  76  6:07  Marine x2  
  78  6:14  SCV x2  
  78  6:15  Marine  
  82  6:23  Supply Depot  
  82  6:24  Medivac  
  82  6:25  Marine x2, Medivac  
  88  6:26  Supply Depot  
  88  6:31  Marine x2  
  88  6:32  Command Center  
  89  6:33  Marine  
  89  6:34  SCV x2  
  89  6:37  Factory Tech Lab  
  91  6:44  Marine x2  
  91  6:46  SCV x2  
  95  6:49  Refinery, Marine x2  
  95  6:51  Marine  
  95  6:53  Combat Shield  
  98  6:54  Supply Depot  
  98  6:57  Medivac x2  
  102  7:03  Marine  
  102  7:04  Marine  
  102  7:07  Marine x2  
  102  7:08  Siege Tank  
  109  7:09  Marine  
  110  7:16  SCV x2, Supply Depot  
  110  7:21  Marine x2  
  114  7:24  Marine x2  
  114  7:26  Terran Infantry Armor Level 1, Marine  
  114  7:28  SCV  
  118  7:33  SCV  
  116  7:39  Supply Depot  
  116  7:40  Siege Tank  
  116  7:42  Marine x3  
  116  7:43  Marine  
  123  7:44  Marine  
  124  7:54  Barracks  
  124  7:56  Orbital Command  
  124  7:57  Barracks  
  124  8:00  SCV x2  
  124  8:04  Marine x2  
  124  8:05  Marine  
  126  8:06  Marine  
  126  8:07  Marine  
  126  8:12  Siege Tank  
  131  8:16  SCV x2  
  133  8:22  Marine x3  
  133  8:24  Marine  
  133  8:25  Marine  
  134  8:31  SCV x2  
  130  8:40  Marine x2  
  130  8:45  SCV x2  
  130  8:48  Barracks Reactor x2  
  129  8:53  SCV  
  121  8:57  SCV  
  121  8:58  Siege Tank  
  121  9:00  Barracks Reactor  
  125  9:06  SCV x2  
  125  9:09  SCV  
  128  9:12  Marine x2  
  128  9:13  Marine x2  
  121  9:29  Marine x2  
  121  9:30  Marine x5  
  121  9:31  Marine  
  114  9:32  Siege Tank  
  114  9:38  SCV x2  
  120  9:42  Medivac  
  120  9:43  Marine x2, Medivac  
  125  9:47  Marine x3  
  108  10:01  Marine x6  
  108  10:02  Orbital Command, Marine  
  108  10:05  Marine x2  
  107  10:09  Siege Tank  
  107  10:12  SCV  
  107  10:13  Marine  
  112  10:19  Marine x3  
  89  10:29  Marine x6  
  95  10:36  SCV x3  
  95  10:39  Marine x2  
  100  10:44  Marine x2  
  102  10:50  Marine  
  102  10:51  Marine x3  
  102  10:53  Marine  
  89  11:00  Marine x3  
  89  11:02  Marine  
  76  11:11  Siege Tank  
  76  11:13  Marine  
  76  11:16  Marine  
  76  11:17  Marine x3  
  84  11:23  Marine x4  
  84  11:24  Marine  
  89  11:31  Marine  
  88  11:34  Marine x3, Medivac x2  
  88  11:35  Marine  
  96  11:41  Marine x4  
  96  11:43  Marine  
  101  11:49  Marine  
  101  11:52  Marine x3  
  101  11:53  Marine  
  106  11:54  Siege Tank  
  106  11:59  Marine x4  
  106  12:00  Marine  
  101  12:07  Marine  
  101  12:08  Medivac  
  101  12:09  Medivac  
  101  12:10  Marine x3  
  101  12:11  Marine  
  95  12:16  Marine  
  95  12:17  Marine x3  
  95  12:18  Marine  
  97  12:24  Marine  
  97  12:25  SCV x3  
  97  12:26  Siege Tank  
  97  12:27  Marine  
  97  12:28  Marine x2  
  97  12:29  Marine  
  108  12:34  Marine x3  
  108  12:35  Marine  
  112  12:38  Medivac  
  112  12:42  Medivac  
  109  12:45  Marine x3  
  109  12:46  Marine  
  109  12:48  Marine  
  109  12:50  Marine  
  91  12:53  Marine  
  91  12:54  Marine  
  86  12:58  Siege Tank  
  86  12:59  Marine  
  86  13:00  Marine  
  86  13:03  Marine  
  92  13:07  Marine  
  92  13:08  Marine x3  
  92  13:10  Marine  
  92  13:11  Marine  
  97  13:12  Marine  
  97  13:15  Medivac  
  97  13:17  Marine  
  97  13:18  Marine  
  102  13:23  Marine  
  102  13:25  Marine  
  102  13:26  Marine x3  
  104  13:27  Marine  
Tags
 
Add a new tag
Caveats
  • Supply blocks, unpowered buildings, or Contaminate may cause inaccurate times.
  • Supply counts are checked every 10 seconds.